 Dungeon Crawl Stone Soup version 0.27.0-1-g7a089689b8 (webtiles) character file.

Game seed: 8746819905664890489

4305 gimp the Basher (level 10, -1/80 HPs)
             Began as a Human Delver on Aug 10, 2021.
             Was a Priest of Wu Jian.
             Slain by a raiju (4 damage)
             ... on level 1 of the Abyss.
             The game lasted 00:11:50 (9029 turns).

gimp the Basher (Human Delver)                      Turns: 9029, Time: 00:11:51

Health: -1/80      AC: 14    Str: 14    XL:     10   Next: 58%
Magic:  10/10      EV:  7    Int: 11    God:    Wu Jian [***...]
Gold:   431        SH:  5    Dex: 20    Spells: 9/9 levels left

rFire    + . .     SeeInvis +   a - +0 morningstar
rCold    + . .     Faith    .   (no shield)
rNeg     . . .     Spirit   .   C - +1 chain mail {rPois}
rPois    +         Reflect  +   (no helmet)
rElec    +         Harm     .   (no cloak)
rCorr    +         Rampage  .   l - +0 pair of gloves
Will     .....                  n - +0 pair of boots
Stlth    ..........             q - amulet of reflection
HPRegen  0.23/turn              f - +6 ring of dexterity
MPRegen  0.12/turn              (no ring)

@: resistant, unable to read, hasted, very quick
A: see invisible, weak 1, inability to read while threatened
a: Renounce Religion, Wall Jump, Serpent's Lash


You were on level 1 of the Abyss.
You worshipped Wu Jian.
Wu Jian was most pleased with you.
You visited 2 branches of the dungeon, and saw 10 of its levels.
You visited the Abyss 1 time.

You collected 519 gold pieces.
You spent 88 gold pieces at shops.

Inventory:

Hand Weapons
 a - a +0 morningstar (weapon)
 b - the +8 quarterstaff of Xom's Envy {vorpal, Will- rCorr Int+6}
   (You found it on level 6 of the Dungeon)

   It inflicts extra damage upon your enemies.
   Int:       It affects your intelligence (+6).
   rCorr:     It protects you from acid and corrosion.
   Will:      It decreases your willpower.
Missiles
 m - 42 poisoned darts (quivered)
Armour
 j - a +0 kite shield
 l - a +0 pair of gloves (worn)
 n - a +0 pair of boots (worn)
 C - a +1 chain mail of poison resistance (worn)
 D - a +0 buckler
Jewellery
 f - a +6 ring of dexterity (left hand)
 q - an amulet of reflection (around neck)
Wands
 g - a wand of digging (3)
 z - a wand of flame (22)
 A - a wand of acid (7)
 E - a wand of iceblast (13)
Scrolls
 c - 2 scrolls of fog
 d - 3 scrolls of magic mapping
 e - 3 scrolls of fear
 h - 2 scrolls of blinking
 p - a scroll of immolation {unknown}
 x - a scroll of enchant armour {unknown}
 y - a scroll of torment
Potions
 k - 2 potions of cancellation
 r - 4 potions of ambrosia
 s - a potion of flight
 t - 2 potions of lignification
 v - 4 potions of mutation


   Skills:
 + Level 8.0 Fighting
 * Level 10.5 Maces & Flails
 + Level 7.3 Armour
 - Level 2.0 Dodging
 - Level 5.0 Stealth


You had 9 spell levels left.
You didn't know any spells.
Your spell library contained the following spells:

 Spells                   Type           Power      Damage    Failure   Level
 Corona                   Hex            0%         N/A       99%         1
 Ensorcelled Hibernation  Hex/Ice        0%         N/A       100%        2
 Conjure Flame            Conj/Fire      0%         6-21      100%        3
 Ignite Poison            Fire/Tmut/Pois 0%         N/A       100%        3
 Tukima's Dance           Hex            0%         N/A       100%        3
 Cause Fear               Hex            0%         N/A       100%        4
 Sticky Flame             Conj/Fire      0%         2d3       100%        4
 Fireball                 Conj/Fire      0%         3d3       100%        5
 Iskenderun's Battlesphe  Conj           0%         2d6       100%        5
 Summon Forest            Summ/Tloc      0%         N/A       100%        5
 Summon Mana Viper        Hex/Summ       0%         N/A       100%        5
 Conjure Ball Lightning   Conj/Air       0%         3x3d6     100%        6
 Shadow Creatures         Summ           N/A        N/A       100%        6
 Dragon Form              Tmut           0%         N/A       100%        7
 Orb of Destruction       Conj           0%         N/A       100%        7
 Dragon's Call            Summ           0%         N/A       100%        9


Dungeon Overview and Level Annotations

Branches:
Dungeon (9/15)             Temple (1/1) D:6            Lair (0/6) D:9
    Orc (0/2) D:9

Altars:
Ashenzari
Dithmenos
Elyvilon
Fedhas
Hepliaklqana
Kikubaaqudgha
Makhleb
Nemelex Xobeh
Okawaru
Qazlal
Ru
Trog
Vehumet
Wu Jian
Xom
Yredelemnul
Zin
The Shining One

Shops:
D:2 *

Portals:
Abyss: D:3

Annotations:
D:3 2 runed translucent doors, Ijyb
D:9 Erolcha


Innate Abilities, Weirdness & Mutations

You have supernaturally acute eyesight. (SInv)
You are weak. (Str -2)
You sometimes lose the ability to read scrolls when taking damage.


Message History

The raiju blinks! x2
You take 2 damage, and have 14/80 hp.
You feel better.
The raiju bursts into living lightning!
The living lightning misses you.
The raiju blinks!
The raiju bites you.
* * * LOW HITPOINT WARNING * * *
The raiju shocks you. You resist.
* * * LOW HITPOINT WARNING * * *
You take 1 damage, and have 13/80 hp.
You feel yourself speed up. The raiju bites you.
* * * LOW HITPOINT WARNING * * *
The raiju shocks you. You resist.
* * * LOW HITPOINT WARNING * * *
The raiju bites you but does no damage.
You take 3 damage, and have 10/80 hp.
You sock the raiju!
The raiju is lightly wounded.
The raiju bursts into living lightning!
The living lightning hits you. You resist.
* * * LOW HITPOINT WARNING * * *
The raiju blinks!
You take 5 damage, and have 6/80 hp.
The raiju bursts into living lightning!
The living lightning hits you. You resist.
* * * LOW HITPOINT WARNING * * *
The raiju blinks!
You take 4 damage, and have 3/80 hp.
You hit the raiju.
The raiju is moderately wounded.
The raiju bites you but does no damage.
You sock the raiju!
The raiju is heavily wounded.
The raiju bursts into living lightning!
The living lightning hits you but does no damage.
The raiju blinks! x2
You barely miss the raiju.
The raiju is heavily wounded.
A glowing orange brain comes into view.
The raiju bites you.
You die...

.G . . ## .
. .#. .##
..# #..##
#.##....#
#h#......
#@...####
##h..#...#
#.#....#.#
##...###.#
#§h#.##...#
#.#.#..# .#
#..#.. ..#
##.#h#..#.#
#..#h.#....


You could see a glowing orange brain (wandering) and 3 raiju.

Vanquished Creatures
  An ancient zyme (Abyss:1)
  A wyvern (D:5)
  3 water moccasins
  2 sky beasts
  An orc warrior (D:8)
  2 black bears
  3 necrophages
  3 ogres (D:5)
  A phantom (D:5)
  4 centaurs (D:6)
  4 bullfrogs
  A wyvern zombie (D:7)
  2 scorpions (D:6)
  3 killer bees (D:5)
  5 wights (D:8)
  3 electric eels (D:8)
  A howler monkey (D:7)
  A centaur zombie (D:7)
  A gnoll shaman (D:4)
  A hound (D:5)
  A jelly (D:5)
  2 orc priests
  4 iguanas
  3 orc wizards
  A hound skeleton (D:5)
  A mummy (D:6)
  A howler monkey skeleton (D:6)
  9 gnolls
  5 adders
  3 shadow imps
  A white imp (Abyss:1)
  2 ufetubi
  An adder skeleton (D:4)
  A dart slug (D:1)
  17 orcs
  6 bats
  2 endoplasms
  3 giant cockroaches
  3 goblins
  8 hobgoblins
  7 jackals
  4 kobolds
  A quokka (D:1)
  4 ball pythons
  4 frilled lizards
  A hobgoblin zombie (D:5)
  An orc zombie (D:5)
  2 rats
141 creatures vanquished.

Vanquished Creatures (collateral kills)
  A great orb of eyes (Abyss:1)
  A sixfirhy (Abyss:1)
  A small abomination (Abyss:1)
3 creatures vanquished.

Vanquished Creatures (others)
  4 plants
4 creatures vanquished.

Grand Total: 148 creatures vanquished

Notes
Turn   | Place    | Note
-------+----------+-------------------------------------------
     0 | D:5      | gimp the Human Delver began the quest for the Orb.
     0 | D:5      | Reached XP level 1. HP: 18/18 MP: 1/1
    10 | D:5      | Noticed an ogre
    10 | D:5      | Noticed a water moccasin
    39 | D:6      | Found a staircase to the Ecumenical Temple.
    53 | Temple   | Entered the Ecumenical Temple
   322 | Temple   | Became a worshipper of the Wu Jian Council
   349 | D:6      | Reached XP level 2. HP: 21/24 MP: 2/2
   396 | D:6      | Noticed a scorpion
   417 | D:6      | Killed a scorpion
   418 | D:6      | Reached skill level 3 in Maces & Flails
   418 | D:6      | Reached skill level 1 in Armour
   418 | D:6      | Reached XP level 3. HP: 10/29 MP: 3/3
   418 | D:6      | Reached XP level 4. HP: 13/35 MP: 4/4
   748 | D:6      | Noticed a centaur
   750 | D:6      | Noticed a necrophage
   755 | D:6      | Killed a centaur
   756 | D:6      | Reached skill level 4 in Maces & Flails
   756 | D:6      | Reached XP level 5. HP: 21/42 MP: 5/5
   835 | D:6      | Identified the +8 quarterstaff of Xom's Envy {vorpal, Will-
                  | rCorr Int+6}
   841 | D:6      | Killed a necrophage
   842 | D:6      | Reached XP level 6. HP: 33/48 MP: 6/6
  1016 | D:6      | Reached skill level 5 in Maces & Flails
  1016 | D:6      | Reached XP level 7. HP: 39/55 MP: 7/7
  1174 | D:5      | Noticed a water moccasin
  1438 | D:6      | Reached skill level 5 in Fighting
  1438 | D:6      | Reached skill level 6 in Maces & Flails
  1475 | D:6      | Found an iron altar of Okawaru.
  1481 | D:5      | Reached XP level 8. HP: 62/62 MP: 8/8
  1521 | D:6      | Reached * piety under Wu Jian
  1706 | D:5      | Noticed a wyvern
  1713 | D:5      | Killed a wyvern
  3033 | D:2      | Found Fyukhlel's Assorted Antiques.
  3041 | D:2      | Bought a crooked wooden wand for 88 gold pieces
  3268 | D:2      | Found a faded altar of an unknown god.
  3632 | D:3      | Reached skill level 7 in Maces & Flails
  3752 | D:3      | Found a large runed translucent door.
  3752 | D:3      | Found a large runed translucent door.
  3802 | D:3      | Found a one-way gate to the infinite horrors of the Abyss.
  3920 | D:3      | Noticed Ijyb
  3959 | D:4      | Reached ** piety under Wu Jian
  4205 | D:4      | Found a radiant altar of Vehumet.
  4964 | D:5      | Reached skill level 5 in Armour
  4964 | D:5      | Reached XP level 9. HP: 53/69 MP: 9/9
  5042 | D:5      | Found a shadowy altar of Dithmenos.
  5087 | D:5      | Reached skill level 8 in Maces & Flails
  6401 | D:6      | Found a bloodstained altar of Trog.
  6611 | D:7      | Reached *** piety under Wu Jian
  6881 | D:7      | Reached skill level 9 in Maces & Flails
  7503 | D:8      | Reached XP level 10. HP: 48/75 MP: 10/10
  8535 | D:8      | Reached skill level 10 in Maces & Flails
  8751 | D:9      | Noticed Erolcha
  8755 | D:9      | Cast into level 1 of the Abyss (Erolcha)
  8764 | Abyss:1  | Found a corrupted altar of Lugonu.
  8895 | Abyss:1  | Noticed a great orb of eyes
  8900 | Abyss:1  | Gained mutation: You have supernaturally acute eyesight.
                  | (SInv) [potion of mutation]
  8900 | Abyss:1  | Gained mutation: You are weak. (Str -2) [potion of
                  | mutation]
  8900 | Abyss:1  | Gained mutation: You sometimes lose the ability to read
                  | scrolls when taking damage. [potion of mutation]
  8910 | Abyss:1  | Killed a great orb of eyes
  8917 | Abyss:1  | Noticed a sixfirhy
  8922 | Abyss:1  | Killed a sixfirhy
  8941 | Abyss:1  | Noticed a starcursed mass
  8990 | Abyss:1  | Noticed a wretched star
  9026 | Abyss:1  | HP: 3/80 [raiju/living lightning (4)]
  9029 | Abyss:1  | Noticed a glowing orange brain
  9029 | Abyss:1  | Slain by a raiju

Illustrated notes

Levels and vault maps discovered:
D:1:      evilmike_arrival_hilbert_curve, layout_basic, minmay_octomino_j4
D:2:      layout_loops_ring, chequers_ecumenical_altar_grove, serial_shops,
          shop_fountains, columned_hall_lemuel, chequers_serial_rivers_micro_b
D:3:      due_chaos_kobolds, layout_basic, st_stairs_11,
          guppyfry_early_lair_pool, uniq_ijyb
D:4:      layout_basic, overflow_temple_1_default
D:5:      layout_basic, mainiacjoe_overflow_catwalk, nicolae_ossuary_entry_giza
D:6:      layout_basic, grunt_temple_overflow_bloody_war,
          minmay_temple_entry_tees
D:7:      layout_gridville
D:8:      layout_loops_corners, serial_bayou_lagoon_b
D:9:      layout_loops_cross, chequers_temple_overflow_minitemple,
          erik_lair_island, orc_0_dummy, enter_bailey_2, uniq_erolcha
Temple:   minmay_temple_curvy_branch
Abyss:1:  base:
D:9

Skill      XL: |  1  2  3  4  5  6  7  8  9 10 |
---------------+-------------------------------+-----
Maces & Flails | 3 4 5 6 7 9 10 | 10.5
Armour         | 1 2 3 5 6 7 |  7.3
Fighting       | 4 5 6 7 8 |  8.0
Dodging        | |  2.0
Stealth        | |  5.0

Action                   |  1- 3 |  4- 6 |  7- 9 | 10-12 || total
-------------------------+-------+-------+-------+-------++-------
Melee: Mace              |     9 |    16 |       |       ||    25
       Quarterstaff      |       |     9 |   296 |    41 ||   346
       Morningstar       |       |       |       |    14 ||    14
Throw: Dart              |     6 |     1 |     3 |       ||    10
Invok: Lunge             |       |     1 |    25 |     5 ||    31
       Whirlwind         |       |       |     1 |     2 ||     3
Evoke: Wand              |       |       |     3 |     7 ||    10
  Use: Scroll            |       |       |     9 |     5 ||    14
       Potion            |       |       |     4 |     6 ||    10
Armor: Chain mail        |    12 |    27 |    53 |    25 ||   117
       Plate armour      |       |       |    79 |       ||    79
Dodge: Dodged            |     7 |    15 |    82 |    14 ||   118
Block: Other             |       |       |    65 |     9 ||    74
